 Dungeon Crawl Stone Soup version 0.30-a0-140-gd1020e658a (webtiles) character file.

Game seed: 4017936485328667747

8662 Decritt the Nimble (level 11, -1/59 HPs)
             Began as a Spriggan Hunter on Sept 24, 2022.
             Was a Believer of Fedhas.
             Slain by a boulder beetle (24 damage)
             ... on level 9 of the Dungeon.
             The game lasted 00:30:59 (13957 turns).

Decritt the Nimble (Spriggan Hunter)               Turns: 13957, Time: 00:30:59

Health: -1/59      AC: 11    Str: 13    XL:     11   Next: 12%
Magic:  14/14      EV: 28    Int: 12    God:    Fedhas [**....]
Gold:   593        SH:  0    Dex: 22    Spells: 10/10 levels left

rFire   . . .      SeeInvis +    a - +2 shortbow (freeze)
rCold   + . .      Faith    .    (shield currently unavailable)
rNeg    . . .      Spirit   .    n - +2 robe {Archmagi}
rPois   .          Reflect  .    C - +2 hat
rElec   .          Harm     .    m - +0 cloak
rCorr   +          Rampage  .    (gloves unavailable)
Will    +....      Archmagi +    (boots unavailable)
Stlth   +++++.....               A - amulet "Nehuvupp" {rC+ Regen+ rCorr}
HPRegen 0.19/turn                d - +6 ring of strength
MPRegen 0.14/turn                l - +4 ring of protection

@: very quick
A: very small, no large weapons, unfitting armour, see invisible, speed 3
a: Renounce Religion, Wall of Briars


You were on level 9 of the Dungeon.
You worshipped Fedhas.
Fedhas was pleased with you.
You visited 2 branches of the dungeon, and saw 10 of its levels.

You collected 593 gold pieces.

Inventory:

Hand Weapons
 a - a +2 shortbow of freezing (weapon)
 g - a +0 arbalest
Missiles
 w - 5 throwing nets
Armour
 c - a +0 robe
 m - a +0 cloak (worn)
 n - a +2 robe of the Archmagi (worn)
 x - a +2 robe of positive energy
 C - a +2 hat (worn)
Jewellery
 d - a +6 ring of strength (left hand)
 k - an amulet of guardian spirit
 l - a +4 ring of protection (right hand)
 A - the amulet "Nehuvupp" (around neck) {rC+ Regen+ rCorr}
   (You found it on level 5 of the Dungeon)

   [amulet of regeneration]

   rC:        It protects you from cold.
   Regen:     It increases your rate of health regeneration.
   rCorr:     It protects you from acid and corrosion.
 B - a ring of resist corrosion
Scrolls
 b - 3 scrolls of immolation
 f - a scroll of poison
 h - a scroll of silence
 i - 2 scrolls of butterflies
 q - a scroll of torment
 r - 2 scrolls of identify
 u - 2 scrolls of magic mapping
 y - 2 scrolls of teleportation
 z - a scroll of fear
Potions
 e - 5 potions of heal wounds
 j - 2 potions of haste
 o - a potion of curing
 p - 2 potions of resistance
 s - a potion of might
 t - 3 potions of attraction
 v - a potion of flight


   Skills:
 * Level 7.7 Fighting
 * Level 10.0 Ranged Weapons
 * Level 12.0 Dodging
 + Level 10.1 Stealth
 + Level 3.6 Invocations


You had 10 spell levels left.
You didn't know any spells.
Your spell library contained the following spells:

 Spells                   Type           Power      Damage    Failure   Level
 Foxfire                  Conj/Fire      0%         2x1d4     32%         1
 Freeze                   Ice            0%         1d3       32%         1
 Shock                    Conj/Air       0%         1d3       32%         1
 Confusing Touch          Hex            0%         N/A       69%         3
 Frozen Ramparts          Ice            0%         1d1       69%         3
 Gell's Gravitas          Tloc           0%         N/A       69%         3
 Inner Flame              Hex/Fire       0%         N/A       69%         3
 Kindle Blastsparks       Fire/Tloc/Air  0%         2d10      69%         3
 Lesser Beckoning         Tloc           0%         N/A       69%         3
 Ozocubu's Armour         Ice            0%         N/A       69%         3
 Swiftness                Air            0%         N/A       69%         3
 Teleport Other           Tloc           0%         N/A       69%         3
 Tukima's Dance           Hex            0%         N/A       69%         3
 Airstrike                Air            0%         2d(0-16)  97%         4
 Flame Wave               Conj/Fire      0%         2d4       97%         4
 Hailstorm                Conj/Ice       0%         3d3       97%         4
 Passage of Golubria      Tloc           0%         N/A       97%         4
 Yara's Violent Unravell  Hex/Tmut       0%         3d3       100%        5
 Enfeeble                 Hex            0%         N/A       100%        7
 Ozocubu's Refrigeration  Ice            0%         4d7       100%        7


Dungeon Overview and Level Annotations

Branches:
Dungeon (9/15)             Temple (1/1) D:7            Lair (0/5) D:8
    Orc (0/2) D:9

Altars:
Ashenzari
Cheibriados
Dithmenos
Elyvilon
Fedhas
Gozag
Hepliaklqana
Kikubaaqudgha
Makhleb
Nemelex Xobeh
Okawaru
Qazlal
Ru
Sif Muna
Trog
Uskayaw
Vehumet
Wu Jian
Xom
Yredelemnul
Zin
The Shining One

Shops:
D:5 [:(

Annotations:
D:8 1 runed translucent door, dunno567's ghost, novice FoAK


Innate Abilities, Weirdness & Mutations

You are very small and have problems with some larger weapons.
You are too small for most types of armour.
You have supernaturally acute eyesight. (SInv)
You cover ground extremely quickly. (Speed+++)


Message History

The skeletal warrior is severely damaged.
You shoot an arrow. The arrow hits the skeletal warrior.
The skeletal warrior is severely damaged.
The skeletal warrior throws a stone.
The stone closely misses you.
You shoot an arrow.
The arrow closely misses the skeletal warrior.
The skeletal warrior throws a stone.
The stone completely misses you.
You shoot an arrow.
The arrow hits the skeletal warrior but does no damage.
The skeletal warrior is severely damaged.
You shoot an arrow.
The arrow closely misses the skeletal warrior.
The skeletal warrior throws a stone.
The stone hits you.
* * * LOW HITPOINT WARNING * * *
The skeletal warrior throws a stone.
The stone misses you.
No target in view!
You shoot an arrow.
The arrow hits the skeletal warrior but does no damage.
The skeletal warrior is severely damaged.
You shoot an arrow. The arrow hits the skeletal warrior!
The arrow freezes the skeletal warrior.
The skeletal warrior is almost destroyed.
You shoot an arrow.
The arrow closely misses the skeletal warrior.
You shoot an arrow.
The arrow closely misses the skeletal warrior.
The skeletal warrior throws a stone.
The stone misses you.
A boulder beetle comes into view.
You shoot an arrow.
The arrow barely misses the skeletal warrior.
You see here a +0 morningstar.
The boulder beetle curls into a ball and begins rolling!
The skeletal warrior throws a stone.
The stone completely misses you.
There is an escape hatch in the ceiling here.
Things that are here:
a +0 chain mail; a +0 whip The skeletal warrior throws a stone.
The stone misses you. The boulder beetle hits you!!
You die...
Fedhas appreciates your contribution to the ecosystem.

##.........##........
##(......###........
#........##.........
######.........#.......[. ###
#...#.......)............
#..####......#.).....^.........
.....#.....##.[.......z.......#
#..(....###...).<[.........###
#....#.###.[.@....)......####.
##..##.....))[B.#......###.##.
###...#....#..#..°.#...####.#.#.
#.....).#######..°..)###.##.#.#)
#........#######..°##'[.#.#.#†#.
#..............#......####.#.#.#.
........)...#...........###..#)#.
............##............####)#.
...........###..............###..


You could see a boulder beetle (rolling).

Vanquished Creatures
  A centaur warrior (D:9)
  A two-headed ogre (D:8)
  A wizard (D:9)
  A deep elf pyromancer (D:8)
  A manticore (D:9)
  2 trolls
  Grinder (D:4)
  A shadow (D:9)
  5 humans (D:7)
  An acid dragon (D:9)
  2 water moccasins
  4 orc warriors
  2 ice beasts (D:6)
  A sky beast (D:7)
  5 centaurs
  2 phantoms
  2 kobold brigands
  4 bullfrogs
  A gnoll sergeant (D:9)
  3 necrophages (D:5)
  4 scorpions
  8 wights
  11 killer bees
  3 howler monkeys
  2 hounds (D:4)
  4 iguanas
  5 orc priests
  Terence (D:2)
  Jessica (D:3)
  10 orc wizards
  Robin (D:3)
  5 adders
  11 gnolls
  2 shadow imps
  2 white imps
  2 ufetubi
  5 worms
  2 dart slugs
  42 orcs
  7 endoplasms
  5 giant cockroaches
  12 goblins
  9 hobgoblins
  18 jackals
  18 kobolds
  2 quokkas
  4 ball pythons
  9 bats
  3 frilled lizards
  4 rats
253 creatures vanquished.

Vanquished Creatures (collateral kills)
  A deep elf pyromancer (D:9)
1 creature vanquished.

Grand Total: 254 creatures vanquished

Notes
Turn   | Place    | Note
-------+----------+-------------------------------------------
     0 | D:1      | Decritt the Spriggan Hunter began the quest for the Orb.
     0 | D:1      | Reached XP level 1. HP: 10/10 MP: 2/2
   209 | D:1      | Reached skill level 3 in Dodging
   225 | D:1      | Reached XP level 2. HP: 10/15 MP: 3/3
  1096 | D:1      | Reached XP level 3. HP: 7/18 MP: 4/4
  1680 | D:2      | Reached XP level 4. HP: 19/23 MP: 5/5
  2143 | D:3      | Noticed Terence
  2185 | D:2      | Killed Terence
  2186 | D:2      | Reached skill level 4 in Dodging
  2365 | D:3      | Noticed Robin
  2530 | D:3      | Killed Robin
  2558 | D:2      | Reached XP level 5. HP: 12/27 MP: 6/6
  2980 | D:3      | Found a faded altar of an unknown god.
  3018 | D:3      | Noticed Jessica
  3020 | D:3      | Killed Jessica
  3021 | D:3      | Reached skill level 5 in Ranged Weapons
  3214 | D:4      | Noticed a phantom
  3542 | D:3      | Killed a phantom
  3543 | D:3      | Reached skill level 5 in Dodging
  3543 | D:3      | Reached XP level 6. HP: 23/32 MP: 5/7
  3991 | D:4      | Noticed Grinder
  4000 | D:4      | Killed Grinder
  4001 | D:4      | Reached XP level 7. HP: 36/36 MP: 8/8
  4041 | D:4      | Reached skill level 5 in Stealth
  4062 | D:4      | Reached skill level 6 in Dodging
  4802 | D:5      | Entered Level 5 of the Dungeon
  4816 | D:5      | Found Xaqep's Armour Shop.
  4890 | D:5      | Found Lumunaiq's Book Shop.
  5106 | D:5      | Identified the amulet "Nehuvupp" {rC+ Regen+ rCorr}
  5143 | D:5      | Reached XP level 8. HP: 37/42 MP: 7/9
  5155 | D:5      | Reached skill level 7 in Dodging
  5268 | D:5      | Found Tuviecsy's Antique Weapon Boutique.
  6148 | D:6      | Reached skill level 5 in Fighting
  6194 | D:6      | Reached skill level 8 in Dodging
  6234 | D:6      | Found a shimmering altar of Xom.
  6606 | D:6      | Found an opulent altar of Gozag.
  6606 | D:6      | Found a glowing silver altar of Zin.
  7295 | D:6      | Reached XP level 9. HP: 35/47 MP: 7/10
  8030 | D:7      | a shapeshifter changed into an entropy weaver
  8030 | D:7      | Noticed an entropy weaver (shapeshifter)
  8221 | D:6      | Reached skill level 9 in Dodging
  8528 | D:7      | Found a staircase to the Ecumenical Temple.
  8540 | Temple   | Entered the Ecumenical Temple
  8602 | Temple   | Became a worshipper of Fedhas Madash
  9285 | D:7      | Found a burning altar of Makhleb.
  9709 | D:8      | Reached skill level 1 in Invocations
  9716 | D:8      | Reached skill level 10 in Dodging
  9857 | D:8      | Noticed a two-headed ogre
  9909 | D:8      | Killed a two-headed ogre
  9910 | D:8      | Reached XP level 10. HP: 53/53 MP: 10/12
  9963 | D:8      | Found a runed translucent door.
  9963 | D:8      | Found a shimmering altar of Xom.
  9963 | D:8      | Noticed dunno567's ghost (novice FoAK)
 10096 | D:8      | Found a staircase to the Lair.
 10279 | D:8      | Noticed a +1 mace of chaos
 10325 | D:8      | Reached * piety under Fedhas
 10910 | D:9      | Reached ** piety under Fedhas
 11779 | D:9      | Reached skill level 11 in Dodging
 12028 | D:9      | Noticed a centaur warrior
 12526 | D:9      | Killed a centaur warrior
 12968 | D:9      | Noticed a wizard
 12971 | D:9      | Noticed a deep elf pyromancer
 12974 | D:9      | Noticed a manticore
 13137 | D:8      | Killed a deep elf pyromancer
 13260 | D:9      | Killed a wizard
 13261 | D:9      | Reached XP level 11. HP: 50/58 MP: 11/14
 13321 | D:9      | Noticed a deep elf pyromancer
 13343 | D:9      | Killed a deep elf pyromancer
 13344 | D:9      | Reached skill level 10 in Stealth
 13393 | D:9      | Reached skill level 10 in Ranged Weapons
 13393 | D:9      | Reached skill level 12 in Dodging
 13616 | D:9      | Found a staircase to the Orcish Mines.
 13695 | D:9      | Noticed a skeletal warrior
 13949 | D:9      | Noticed a boulder beetle
 13957 | D:9      | Slain by a boulder beetle

Illustrated notes

Levels and vault maps discovered:
D:1:      minmay_arrival_semitransparent, layout_rooms, minmay_vboxes
D:2:      layout_rooms
D:3:      layout_rooms, hellmonk_ecumenical_altar_crossroads, uniq_robin,
          uniq_jessica, uniq_terence
D:4:      layout_loops_ring, uniq_grinder
D:5:      kennysheep_six_static_rooms, layout_basic, serial_shops,
          nicolae_shop_statue_plus, shop, kennysheep_mini,
          kennysheep_another_room
D:6:      layout_basic, grunt_temple_overflow_gold_and_silver, lemuel_tele_altar
D:7:      layout_basic, makhleb_grotto_becter, minmay_temple_entry_mini_moons,
          minmay_ruffians
D:8:      layout_basic, lair_entry_dummy, ebering_ghost_xom, nrook_uturn
D:9:      minmay_the_grid_four_pointed_star
          [minmay_the_grid_triangle_9x9_corruption,
          minmay_the_grid_triangle_9x9_impossible_snake,
          minmay_the_grid_triangle_9x9_shrine,
          minmay_the_grid_triangle_9x9_checkered,
          minmay_the_grid_prize_inner_circle], layout_cave_pools
Temple:   nicolae_temple_two_arcs

Skill      XL: |  1  2  3  4  5  6  7  8  9 10 11 |
---------------+----------------------------------+-----
Dodging        | 3 4 5 6 8 10 11 12 | 12.0
Stealth        | 2 3 4 5 7 8 9 10 | 10.1
Fighting       | 2 3 4 5 6 7 |  7.7
Ranged Weapons | 5 6 7 8 9 10 | 10.0
Invocations    | 1 3 |  3.6

Action                   |  1- 3 |  4- 6 |  7- 9 | 10-12 || total
-------------------------+-------+-------+-------+-------++-------
 Fire: Shortbow          |   114 |    84 |   292 |   396 ||   886
       Sling             |       |    95 |   153 |       ||   248
Invok: Wall of Briars    |       |       |       |     4 ||     4
  Use: Scroll            |       |     5 |    15 |     6 ||    26
       Potion            |       |       |     1 |       ||     1
Armor: Robe              |     3 |     9 |    11 |    27 ||    50
Dodge: Dodged            |    47 |   103 |   213 |   264 ||   627

Table legend: (Time is in decaauts)
 A = Elapsed time spent in this place.
 B = Non-inter-level travel time spent in this place.
 C = Inter-level travel time spent in this place.
 D = Time resting spent in this place.
 E = Time spent auto-exploring this place.
 F = Levels seen in this place.
 G = Mean time per level.
                   A        B        C        D        E       F      G
               +--------+--------+--------+--------+--------+-----+--------+
         Total |  11595 |  11423 |    172 |   4753 |   4226 |  10 | 1159.5 |
       Dungeon |  11551 |  11385 |    166 |   4753 |   4197 |   9 | 1283.4 |
        Temple |     44 |     39 |      5 |      0 |     29 |   1 |   44.0 |
               +--------+--------+--------+--------+--------+-----+--------+

Top non-repeatable levels by time:
     D:8: 2096 daAuts
     D:6: 1824 daAuts
     D:9: 1544 daAuts
     D:1: 1363 daAuts
     D:7: 1302 daAuts
     D:4: 944 daAuts
     D:2: 911 daAuts
     D:5: 791 daAuts
     D:3: 772 daAuts
  Temple: 44 daAuts
